 Dungeon Crawl Stone Soup version 0.27.0-1-g7a089689b8 (webtiles) character file.

Game seed: 13088272525176707939

65 solopath the Cutter (level 3, 0/19 HPs)
             Began as a Spriggan Berserker on Aug 4, 2021.
             Was a Believer of Trog.
             Slain by a goblin (1 damage)
             ... led by Robin
             ... on level 1 of the Dungeon.
             The game lasted 00:01:24 (1441 turns).

solopath the Cutter (Spriggan Berserker)            Turns: 1441, Time: 00:01:25

Health: 0/19       AC:  2    Str: 13    XL:     3   Next: 94%
Magic:  4/4        EV: 18    Int:  9    God:    Trog [**....]
Gold:   30         SH:  0    Dex: 14    Spells: 2/2 levels left

rFire    . . .     SeeInvis +   a - +0 short sword
rCold    . . .     Faith    .   (shield restricted)
rNeg     . . .     Spirit   .   b - +0 animal skin
rPois    .         Reflect  .   (helmet restricted)
rElec    .         Harm     .   (no cloak)
rCorr    .         Rampage  .   (gloves unavailable)
Will     .....                  (boots unavailable)
Stlth    ++........             (no amulet)
HPRegen  0.06/turn              (no ring)
MPRegen  0.09/turn              (no ring)

@: on berserk cooldown, slowed, quick
A: very small, no large weapons, unfitting armour, see invisible, speed 3
a: Renounce Religion, Berserk, Trog's Hand


You were on level 1 of the Dungeon.
You worshipped Trog.
Trog was pleased with you.
You visited 1 branch of the dungeon, and saw 2 of its levels.

You collected 30 gold pieces.

Inventory:

Hand Weapons
 a - a +0 short sword (weapon)
Armour
 b - a +0 animal skin (worn)
Potions
 c - a potion of curing {unknown}


   Skills:
 + Level 2.9 Fighting
 * Level 4.4 Short Blades
 - Level 4.0 Dodging
 + Level 2.6 Stealth


You had 2 spell levels left.
You didn't know any spells.
Your spell library was empty.

Dungeon Overview and Level Annotations

Branches:
Dungeon (2/15)

Altars:


Innate Abilities, Weirdness & Mutations

You are very small and have problems with some larger weapons.
You are too small for most types of armour.
You have supernaturally acute eyesight. (SInv)
You cover ground extremely quickly. (Speed+++)


Message History

The goblin closely misses you.
You are too injured to fight recklessly!
You are too injured to fight recklessly!
You hit Robin.
You kill Robin!
Trog accepts your kill.
A goblin comes into view. It is wielding a +0 dagger.
The goblin shouts!
The goblin misses you. The goblin hits you with a +0 club.
The goblin misses you.
You climb upwards.
You feel a strong urge to attack something.
There is a stone staircase leading down here.
Unknown command.
You are too injured to fight recklessly!
You hit the goblin.
The goblin is heavily wounded.
The goblin closely misses you. The goblin misses you.
You barely miss the goblin.
The goblin is moderately wounded.
The goblin completely misses you.
You closely miss the goblin.
The goblin is moderately wounded.
You are no longer berserk.
You are exhausted.
You feel yourself slow down. The goblin misses you. x2
You closely miss the goblin. The goblin misses you.
The goblin barely misses you. The goblin hits you with a +0 club.
* * * LOW HITPOINT WARNING * * *
The goblin closely misses you.
Unknown command.
You hit the goblin.
The goblin is heavily wounded.
The goblin misses you. The goblin barely misses you. The goblin misses you.
The goblin completely misses you.
You hit the goblin.
You kill the goblin!
Trog accepts your kill. The goblin hits you with a +0 dagger.
You die...

#.##########
#..........### ######
#.########...# #....###
#.# ##...#.# #......# #.#
#...)..# ####..#.#.# #.#
##.#.#..# ..........# #.#
#.......#
......#.#.######)#
#..#.#..#
...............g@#
#......##
...............#g#
#.#.####
.......###.###.#.# #...#
.......# #.###.#.# ###.#
.......###.....#.# #.#
########....###### #.#
########.#..###########.#
.#.#.#.#................#
........##.##############


You could see 2 goblins.

Vanquished Creatures
  Robin (D:2)
  An adder (D:2)
  A gnoll (D:1)
  2 endoplasms (D:1)
  8 goblins
  3 hobgoblins
  4 jackals (D:1)
  3 quokkas (D:1)
  5 ball pythons (D:1)
  A frilled lizard (D:1)
  5 rats (D:1)
34 creatures vanquished.

Notes
Turn   | Place    | Note
-------+----------+-------------------------------------------
     0 | D:1      | solopath the Spriggan Berserker began the quest for the
                  | Orb.
     0 | D:1      | Reached XP level 1. HP: 11/11 MP: 2/2
    55 | D:1      | Reached skill level 1 in Stealth
   304 | D:1      | Reached XP level 2. HP: 8/16 MP: 3/3
   834 | D:1      | Reached ** piety under Trog
   877 | D:1      | Found a faded altar of an unknown god.
   919 | D:1      | Reached XP level 3. HP: 19/19 MP: 4/4
  1420 | D:2      | Noticed Robin
  1433 | D:2      | Killed Robin
  1441 | D:1      | Slain by a goblin

Illustrated notes

Levels and vault maps discovered:
D:1:      co_arrival_square_in_a_square_in_a_square, layout_basic,
          hellmonk_ecumenical_altar_arch_garden, serial_glass, glass_columns_c,
          glass_columns_b, glass_columns_a, glass_columns_b, glass_columns_a,
          glass_columns_a, glass_columns_b, glass_columns_a, minmay_liquid_box,
          skrybe_limestone_x, st_stairs_14
D:2:      layout_loops_ring, lemuel_old_faithful, uniq_robin

Skill      XL: |  1  2 |
---------------+-------+-----
Stealth        | 1 2 |  2.6
Short Blades   | 4 |  4.4
Fighting       | |  2.9
Dodging        | |  4.0

Action                   || total
-------------------------++-------
Melee: Short sword       ||   115
Invok: Berserk           ||     1
  Use: Scroll            ||     1
 Stab: Sleeping          ||     2
Armor: Animal skin       ||     6
Dodge: Dodged            ||    95
